 Dungeon Crawl Stone Soup version 0.27.1-34-g3ba077fa99 (webtiles) character file.

Game seed: 15075502122467980632

460 zeram the Chopper (level 7, 0/61 HPs)
             Began as a Hill Orc Fighter on Jan 24, 2022.
             Blown up by Ijyb (14 damage)
             ... with a mindburst bolt
             ... on level 4 of the Dungeon.
             The game lasted 00:04:27 (3303 turns).

zeram the Chopper (Hill Orc Fighter)                Turns: 3303, Time: 00:04:27

Health: 0/61       AC:  7    Str: 21    XL:     7   Next: 7%
Magic:  6/7        EV:  7    Int: 14    God:
Gold:   118        SH:  9    Dex: 10    Spells: 6/6 levels left

rFire    . . .     SeeInvis .   a - +0 war axe
rCold    . . .     Faith    .   c - +0 kite shield
rNeg     . . .     Spirit   .   b - +0 scale mail
rPois    .         Reflect  .   (no helmet)
rElec    .         Harm     .   (no cloak)
rCorr    .         Rampage  .   (no gloves)
Will     .....                  (no boots)
Stlth    ..........             (no amulet)
HPRegen  0.20/turn              d - +6 ring of intelligence
MPRegen  0.10/turn              (no ring)

@: no status effects
A: no striking features
a: no special abilities


You were on level 4 of the Dungeon.
You visited 1 branch of the dungeon, and saw 4 of its levels.

You collected 118 gold pieces.

Inventory:

Hand Weapons
 a - a +0 war axe (weapon)
Missiles
 n - 4 javelins (quivered)
Armour
 b - a +0 scale mail (worn)
 c - a +0 kite shield (worn)
Jewellery
 d - a +6 ring of intelligence (left hand)
Wands
 l - a wand of paralysis (2)
Scrolls
 e - a scroll of blinking
 i - 2 scrolls of amnesia
 o - 2 scrolls of teleportation {unknown}
 p - a scroll of immolation {unknown}
Potions
 f - 2 potions of curing {unknown}
 g - a potion of ambrosia {unknown}
 h - a potion of heal wounds
 j - a potion of haste {unknown}
 k - 2 potions of flight {unknown}
 m - 2 potions of brilliance {unknown}


   Skills:
 + Level 5.1 Fighting
 + Level 6.6 Axes
 + Level 4.7 Armour
 + Level 0.7 Dodging
 + Level 4.5 Shields


You had 6 spell levels left.
You didn't know any spells.
Your spell library contained the following spells:

 Spells                   Type           Power      Damage    Failure   Level
 Corona                   Hex            0%         N/A       96%         1
 Ensorcelled Hibernation  Hex/Ice        0%         N/A       99%         2
 Summon Guardian Golem    Hex/Summ       0%         N/A       100%        3
 Tukima's Dance           Hex            0%         N/A       100%        3
 Orb of Destruction       Conj           0%         N/A       100%        7
 Spellforged Servitor     Conj/Summ      0%         N/A       100%        7


Dungeon Overview and Level Annotations

Branches:
Dungeon (4/15)
 Temple: D:4-7

Altars:
Gozag

Annotations:
D:4 Ijyb


Message History

Found a knobbly sapphire ring.
No target in view!
No target in view!
No target in view!
d - a +6 ring of intelligence
Found a scroll labelled KAPROE SIROASM.
Found a stone staircase leading down.
You feel clever.
d - a +6 ring of intelligence (left hand)
o - 2 scrolls labelled KAPROE SIROASM (gained 1)
Found 6 boomerangs.
Found a club.
Found a stone staircase leading down.
A quokka and a hobgoblin come into view.
The hobgoblin shouts!
There are monsters nearby!
There are monsters nearby!
There are monsters nearby!
There are monsters nearby!
Ijyb the Twisted Goblin comes into view.
She is wielding a +2 antimagic dagger and carrying a wand of mindburst (13).
Ijyb shouts!
You hear an angry hiss.
You hear a shout!
A ball python comes into view.
You hit Ijyb.
Ijyb is moderately wounded.
Ijyb zaps a wand.
Your mind is blasted!
Ijyb closely misses you.
You closely miss Ijyb.
Ijyb is moderately wounded.
You closely miss the quokka. You block the quokka's attack.
Ijyb zaps a wand.
Your mind is blasted!
The quokka completely misses you.
You slash Ijyb!
Ijyb is severely wounded.
You barely miss the quokka.
Ijyb zaps a wand.
Your mind is blasted!
* * * LOW HITPOINT WARNING * * *
The quokka bites you but does no damage.
Ijyb hits you with a +2 antimagic dagger.
* * * LOW HITPOINT WARNING * * *
You feel your power leaking away.
Blink to where?
Press: ? - help, Dir - move target
As you read the scroll of blinking, it crumbles to dust.
Ijyb zaps a wand.
Your mind is blasted!
You die...

.# #..........#
.# ##########.#
.# #.# .. #.# ...
########.# .##
.........#
######..######.
#.>.......
##@######
##.######.. #
#.........# #.#
#..######## ...
#..# ..
#..########
..#.#.#(rg...)...
.....Sg§.######..
#.#.###..#


You could see Ijyb, a quokka and a hobgoblin.

Vanquished Creatures
  A sky beast (D:4)
  An ogre (D:4)
  2 hounds
  A gnoll shaman (D:4)
  Natasha (thrice) (D:3)
  6 gnolls
  An adder (D:2)
  A worm (D:3)
  2 dart slugs
  7 bats
  4 endoplasms
  5 hobgoblins
  4 quokkas
  2 ball pythons
  3 frilled lizards
  11 goblins
  3 kobolds
  4 rats
61 creatures vanquished.

Notes
Turn   | Place    | Note
-------+----------+-------------------------------------------
     0 | D:1      | zeram the Hill Orc Fighter began the quest for the Orb.
     0 | D:1      | Reached XP level 1. HP: 19/19 MP: 1/1
   354 | D:1      | Reached XP level 2. HP: 27/27 MP: 2/2
   466 | D:1      | Reached skill level 3 in Axes
   867 | D:2      | Reached XP level 3. HP: 26/33 MP: 3/3
  1041 | D:1      | Reached skill level 4 in Axes
  1041 | D:1      | Reached XP level 4. HP: 4/40 MP: 4/4
  1486 | D:2      | Found a faded altar of an unknown god.
  1963 | D:3      | Noticed Natasha
  1979 | D:3      | Killed Natasha
  1980 | D:3      | Reached XP level 5. HP: 30/46 MP: 5/5
  2156 | D:3      | Noticed Natasha
  2165 | D:3      | Killed Natasha
  2166 | D:3      | Reached skill level 5 in Axes
  2235 | D:3      | Noticed Natasha
  2247 | D:3      | Killed Natasha
  2747 | D:4      | Noticed a sky beast
  2760 | D:4      | Killed a sky beast
  2761 | D:4      | Reached XP level 6. HP: 29/53 MP: 6/6
  2939 | D:4      | Reached skill level 6 in Axes
  3006 | D:4      | Reached skill level 5 in Fighting
  3039 | D:4      | Reached XP level 7. HP: 44/61 MP: 7/7
  3168 | D:4      | Found an opulent altar of Gozag.
  3298 | D:4      | Noticed Ijyb
  3303 | D:4      | Blown up by Ijyb

Illustrated notes

Levels and vault maps discovered:
D:1:      tarquinn_simple_flora_water_d, layout_loops_ring, dk_noncrumbling_3,
          roderic_serpentine_path
D:2:      layout_rooms, shapermc_ecumenical_altar_flowoftime
D:3:      layout_loops_cross, feat_on_display, uniq_natasha
D:4:      layout_loops_ring, nicolae_gozag_seed_capital,
          nicolae_hepliaklqana_hippocampus, gammafunk_ghost_arena,
          feat_on_display, uniq_ijyb, uniq_blork_the_orc, uniq_robin

Skill      XL: |  1  2  3  4  5  6 |
---------------+-------------------+-----
Axes           | 3 4 5 6 |  6.6
Fighting       | 4 5 |  5.1
Armour         | 4 |  4.7
Shields        | 4 |  4.5
Dodging        | |  0.7

Action                   |  1- 3 |  4- 6 |  7- 9 || total
-------------------------+-------+-------+-------++-------
Melee: War axe           |    53 |   125 |     8 ||   186
  Use: Scroll            |     2 |     3 |     1 ||     6
       Potion            |       |     3 |       ||     3
Armor: Scale mail        |    18 |    52 |     3 ||    73
Dodge: Dodged            |    13 |    36 |     5 ||    54
Block: Kite shield       |    29 |    65 |     3 ||    97
